Unix NetHack Version 5.0.0-0 post-release - last build Jun 10 2026 00:39:30 (3ee93aec679c4c4259841fe613dc97188e26a321,branch:main).

Game began 2026-06-29 16:50:15, ended 2026-06-29 17:08:10.

HenriqueII, lawful male human Archeologist

                                             .
                                             -.|
                                             ....---
                                               ...|.             -----
                                             ..-.....---         .|..|
                                              |.........-        ....|     .--
                                               -.........      -.....--- ....--
                                                -........    --G..............|
                                                |........----................--
                                                -[........--...(..............|
                                                     -.......................-
                                                     --.a.)..)...............|
                                                      |.G@.f.`.-- |  ......---
                                                      --.|.--.--     --  ---
                                                       ----- --
HenriqueII the Field Worker  St:15 Dx:11 Co:14 In:14 Wi:15 Ch:11  Lawful
Dlvl:5  $:117 HP:0(29) Pw:26(26) AC:7  Xp:5 T:2911 

Latest messages:
 The kitten is still eating.
 You climb up the stairs.
 Something is written here in the dust.
 You read: "-lbcrc?h".
 You stop searching.
 You see here a crude arrow.
 The iguana bites!
 You miss the iguana.
 You hit the iguana.
 You kill the iguana!
 Something is written here in the dust.
 You read: "-lb? c h".
 What do you want to eat? [ds or ?*] s
 My, this is a yummy slime mold!
 You are in full health.
 You descend the stairs.
 You stop.  Your kitten is in the way!
 The kitten misses the gnome.
 m - a candle.
 o - a yellow gem.
 The kitten bites the gnome.
 The gnome swings her crossbow at the kitten.
 The gnome misses the kitten.
 The gnome shoots an arrow!
 You are hit by an arrow!
 The kitten misses the gnome.
 The kitten misses the gnome.
 The gnome shoots 2 crossbow bolts!
 You are hit by the 1st crossbow bolt.
 You are hit by the 2nd crossbow bolt.
 The kitten misses the gnome.
 The kitten bites the gnome.
 The gnome swings his bow at the kitten.
 The gnome misses the kitten.
 The gnome wields 3 daggers!
 The kitten misses the gnome.
 The kitten bites the gnome.
 The gnome swings his bow at the kitten.
 The gnome misses the kitten.
 The gnome thrusts one of his daggers.
 The gnome hits!
 The kitten bites the gnome.
 The gnome is killed!
 The giant ant bites!
 The kitten picks up a crossbow bolt.
 The gnome thrusts one of his daggers.
 The gnome hits!
 You die...
 Do you want your possessions identified? [ynq] (y) y
 Do you want to see your attributes? [ynq] (y) q

Inventory:
 Coins    ('$')
  $ - 117 gold pieces
 Weapons  (')')
  a - a +2 bullwhip
 Armor    ('[')
  c - an uncursed +0 fedora
  z - an uncursed +0 helm of telepathy (being worn)
  h - an uncursed +0 oilskin cloak (being worn)
  b - an uncursed +0 leather jacket (being worn)
 Comestibles  ('%')
  d - 3 uncursed food rations
 Scrolls  ('?')
  v - a cursed scroll of confuse monster
  Y - a blessed scroll of enchant armor
  y - a cursed scroll of enchant armor
  j - an uncursed scroll of enchant weapon
  w - 2 uncursed scrolls of identify
  X - an uncursed scroll of scare monster
 Spellbooks  ('+')
  g - an uncursed spellbook of healing
  W - an uncursed spellbook of wizard lock
 Potions  ('!')
  e - a cursed potion of fruit juice
  r - a blessed potion of healing
  x - an uncursed potion of healing
  n - 4 uncursed potions of water
 Rings    ('=')
  V - a cursed -2 ring of adornment
  u - an uncursed ring of conflict
  l - an uncursed ring of fire resistance (on right hand)
  Z - a cursed ring of protection from shape changers
  k - an uncursed ring of searching (on left hand)
 Tools    ('(')
  S - an uncursed sack containing 1 item
  i - an uncursed oil lamp
  p - a +0 pick-axe (weapon in right hand)
  f - a tinning kit (0:88)
  m - an uncursed wax candle
 Gems/Stones  ('*')
  o - an uncursed worthless piece of yellow glass
  t - an uncursed touchstone

Contents of the sack:
  1879 gold pieces

HenriqueII the Archeologist's attributes:

Background:
 You were a Field Worker, a level 5 male human Archeologist.
 You were lawful, on a mission for Quetzalcoatl
 who was opposed by Camaxtli (neutral) and Huhetotl (chaotic).
 You were right-handed.
 You were in the Gnomish Mines, on level 5.
 You entered the dungeon 2911 turns ago.
 There was a full moon in effect when your adventure ended.
 You had 184 experience points, 136 more were needed to attain level 6.

Basics:
 You had 0 out of 29 hit points.
 You had all 26 energy points (spell power).
 Your armor class was 7.
 Your wallet contained 117 zorkmids, and
 you had 1879 more stashed away in your pack.
 Autopickup was on for '$!?/="' plus thrown, with exceptions.

Final Characteristics:
 Your strength was 15 (limit:18/100).
 Your dexterity was 11 (limit:18).
 Your constitution was 14 (limit:18).
 Your intelligence was 14 (limit:18).
 Your wisdom was 15 (limit:18).
 Your charisma was 11 (limit:18).

Final Status:
 You weren't hungry.
 You were unencumbered.
 You were wielding a pick-axe.
 You had basic skill with pick-axe.

Final Attributes:
 You were piously aligned.
 You were fire resistant.
 Your items were protected from fire.
 You were telepathic.
 You had automatic searching.
 You were stealthy.
 You were guarded.
 You were lucky.
 You are dead.

Miscellaneous:
 You didn't encounter any bones levels.
 Total elapsed playing time was 17 minutes and 54 seconds.

Major events:
 Turn
    1: HenriqueII the lawful male human Archeologist entered the dungeon
  979: attained the rank of Field Worker (level 3)
 1588: entered the Gnomish Mines
 2911: killed by a gnome

You didn't know any spells.

Skills:
 Fighting Skills
   bare handed combat [Unskilled]
   two weapon combat  [Unskilled]
   riding             [Unskilled]
 Weapon Skills
   dagger             [Unskilled]
   knife              [Unskilled]
   pick-axe           [Basic]
   short sword        [Unskilled]
   saber              [Unskilled]
   club               [Unskilled]
   quarterstaff       [Unskilled]
   sling              [Unskilled]
   dart               [Unskilled]
   boomerang          [Unskilled]
   whip               [Basic]
   unicorn horn       [Unskilled]
 Spellcasting Skills
   attack spells      [Unskilled]
   healing spells     [Unskilled]
   divination spells  [Unskilled]
   matter spells      [Unskilled]

Voluntary challenges:
 Character rerolling was not enabled.
 You never genocided any monsters.
 You never polymorphed an object.
 You never changed form.
 You used no wishes.
Achievements:
 You attained the rank of Field Worker.
 You entered a shop.
 You entered the Gnomish Mines.

 The Dungeons of Doom: levels 1 to 6
    Level 1:
       A fountain.
    Level 2:
    Level 3:
    Level 4:
       A weapon shop, a grave.
       Stairs down to The Gnomish Mines.
    Level 5:
    Level 6:
 The Gnomish Mines:
    Level 5: <- You were here.
       Final resting place for
          you, killed by a gnome.


Vanquished creatures:
  a shrieker
  2 gnome leaders
  2 gray oozes
  2 giant ants
  a homunculus
  3 giant bats
  a monkey
  4 iguanas
  4 giant rats
  2 gnomes
  a gecko
 12 jackals
  3 foxes
  2 goblins
  2 sewer rats
  a grid bug
  3 bats
  5 lichens
  2 kobold zombies
  4 newts
57 creatures vanquished.

No species were genocided or became extinct.

Game over:
                       ----------
                      /          \
                     /    REST    \
                    /      IN      \
                   /     PEACE      \
                  /                  \
                  |    HenriqueII    |
                  |     1996 Au      |
                  |   killed by a    |
                  |      gnome       |
                  |                  |
                  |                  |
                  |       2026       |
                 *|     *  *  *      | *
        _________)/\\_//(\/(/\)/\//\/|_)_______

Goodbye HenriqueII the Archeologist...

You died in The Gnomish Mines on dungeon level 5 with 2783 points,
and 1996 pieces of gold, after 2911 moves.
You were level 5 with a maximum of 29 hit points when you died.

